 Dungeon Crawl Stone Soup version 0.25.0 (webtiles) character file.

Game seed: 1644115188550879673

86 HungrySpirit the Skirmisher (level 4, -3/29 HPs)
             Began as a Gargoyle Fighter on June 12, 2020.
             Slain by Crazy Yiuf
             ... wielding a +4 quarterstaff of chaos
              (8 damage)
             ... on level 2 of the Dungeon.
             The game lasted 00:02:21 (2045 turns).

HungrySpirit the Skirmisher (Gargoyle Fighter)      Turns: 2045, Time: 00:02:22

Health: -3/29      AC: 10    Str: 20    XL:     4   Next: 49%
Magic:  0/4        EV:  9    Int:  9    God:
Gold:   108        SH:  0    Dex:  9    Spells: 3/3 levels left

rFire    . . .     SeeInvis .   a - +0 flail
rCold    . . .     Gourm    .   (no shield)
rNeg     + . .     Faith    .   b - +0 scale mail
rPois    ∞         Spirit   +   (no helmet)
rElec    +         Reflect  .   (no cloak)
rCorr    .         Harm     .   (no gloves)
MR       .....                  (no boots)
Stlth    ..........             g - amulet of guardian spirit
HPRegen  0.09/turn              (no ring)
MPRegen  0.09/turn              (no ring)

@: no status effects
A: negative energy resistance 1, electricity resistance, unbreathing,
petrification resistance, rot immunity, AC +3
a: no special abilities


You were on level 2 of the Dungeon.
You were hungry.

You visited 1 branch of the dungeon, and saw 2 of its levels.

You collected 108 gold pieces.

Inventory:

Hand Weapons
 a - a +0 flail (weapon)
Armour
 b - a +0 scale mail (worn)
 c - a +0 kite shield
Jewellery
 g - an amulet of guardian spirit (around neck)
Scrolls
 j - 2 scrolls of remove curse
 k - a scroll of enchant armour {unknown}
 n - a scroll of random uselessness {unknown}
 o - a scroll of identify {unknown}
Potions
 d - a potion of might
 e - 2 potions of flight {unknown}
 h - a potion of haste {unknown}
 l - 3 potions of heal wounds {unknown}
 m - a potion of cancellation {unknown}
 p - 3 potions of curing {unknown}
 q - a potion of lignification {unknown}
 r - a potion of resistance {unknown}
 s - a potion of stabbing {unknown}
Comestibles
 f - 3 rations


   Skills:
 + Level 4.0 Fighting
 * Level 3.5 Maces & Flails
 + Level 3.9 Armour
 - Level 3.2 Shields


You had 3 spell levels left.
You didn't know any spells.
Your spell library was empty.

Dungeon Overview and Level Annotations

Branches:
Dungeon (2/15)

Altars:
Qazlal

Annotations:
D:2 Crazy Yiuf


Innate Abilities, Weirdness & Mutations

You are resistant to torment.
Your stone body is resilient. (AC +3)
You are immune to poison.
You resist negative energy. (rN+)
You are resistant to electric shocks. (rElec)
You can survive without breathing.
You are immune to petrification.
You are immune to rotting.


Message History

You open the door. You hit Crazy Yiuf but do no damage.
Crazy Yiuf laughs, "Key cower infinity!"
Crazy Yiuf hits you with a +4 quarterstaff of chaos!
Crazy Yiuf freezes you.
You thump Crazy Yiuf!
Crazy Yiuf is severely wounded.
Crazy Yiuf hits you but does no damage.
You hit Crazy Yiuf.
Crazy Yiuf is severely wounded.
Crazy Yiuf barely misses you. Crazy Yiuf hits you but does no damage.
You barely miss Crazy Yiuf.
Crazy Yiuf is severely wounded.
Crazy Yiuf hits you with a +4 quarterstaff of chaos!
Crazy Yiuf burns you.
* * * LOW HITPOINT WARNING * * *
You hit Crazy Yiuf but do no damage.
Crazy Yiuf is severely wounded.
Crazy Yiuf hits you with a +4 quarterstaff of chaos!
You die...

#.########....#
#.# #....# #.#
#....# #.#
##...# #.#
##.## #.#####
##.# #.....#
#.## #######
##.# #@## #g#
... #...# #)..#
#####


You could see Crazy Yiuf.

Vanquished Creatures
  A gnoll (D:1)
  2 adders (D:2)
  2 oozes (D:1)
  3 leopard geckos
  2 giant cockroaches (D:1)
  4 hobgoblins
  5 jackals (D:2)
  7 kobolds
  5 bats
  2 frilled lizards (D:1)
  8 goblins
  6 rats
47 creatures vanquished.

Notes
Turn   | Place    | Note
-------+----------+-------------------------------------------
     0 | D:1      | HungrySpirit the Gargoyle Fighter began the quest for the
                  | Orb.
     0 | D:1      | Reached XP level 1. HP: 14/14 MP: 1/1
    47 | D:1      | Reached XP level 2. HP: 9/19 MP: 2/2
   533 | D:1      | Reached XP level 3. HP: 23/23 MP: 3/3
  1211 | D:2      | Found a stormy altar of Qazlal.
  1469 | D:2      | Reached XP level 4. HP: 29/29 MP: 4/4
  1590 | D:2      | Reached skill level 4 in Fighting
  1719 | D:2      | Found a runed translucent door.
  1720 | D:2      | Noticed Crazy Yiuf
  2045 | D:2      | Slain by Crazy Yiuf

Illustrated notes

Levels and vault maps discovered:
D:1:      saegor_arrival_simple_d, layout_basic, minmay_tetromino_i4
D:2:      layout_basic, nicolae_qazlal_general_emergency,
          uniq_crazy_yiuf_cottage

Skill      XL: |  1  2  3  4 |
---------------+-------------+-----
Maces & Flails | 3 |  3.5
Fighting       | 4 |  4.0
Armour         | |  3.9
Shields        | |  3.2

Action                   |  1- 3 |  4- 6 || total
-------------------------+-------+-------++-------
Melee: Flail             |   123 |    42 ||   165
  Use: Scroll            |       |     4 ||     4
  Eat: Chunk             |     2 |     1 ||     3
Armor: Scale mail        |    88 |    29 ||   117
Dodge: Dodged            |    85 |    18 ||   103
